PCL
MILE HIGH BRONCOS @ SPOKANE TRAPPERS
06/07/2026
 
TOP OF THE 1ST
Mile High Broncos batting - Pitching for Spokane Trappers : RHP Jae-hyun Ch'oe
Pitching: RHP Jae-hyun Ch'oe
Batting: SHB Tom Stevens 0-0: Foul Ball, location: 2F
0-1: Foul Ball, location: 2F
0-2: Ground out 6-3 (Groundball, 6M)
Batting: SHB Paco Martínez 0-0: Ball
1-0: Ground out 4-3 (Groundball, 4)
Batting: LHB Tony Báez 0-0: Swinging Strike
0-1: Swinging Strike
0-2: Strikes out swinging
Top of the 1st over - 0 run(s), 0 hit(s), 0 error(s), 0 left on base; Mile High 0 - Spokane 0
BOTTOM OF THE 1ST
Spokane Trappers batting - Pitching for Mile High Broncos : RHP Fernand Picard
Pitching: RHP Fernand Picard
Batting: RHB Tomás Carranza 0-0: Ball
1-0: Ball
2-0: Fly out, F8 (Flyball, 8LS)
Batting: RHB Clyde Kelley 0-0: SINGLE (Groundball, 56D)
Batting: LHB Héctor Rentería 0-0: Ball
1-0: Called Strike
1-1: Grounds into double play, 6-4-3 (Groundball, 6M)
Bottom of the 1st over - 0 run(s), 1 hit(s), 0 error(s), 0 left on base; Mile High 0 - Spokane 0
TOP OF THE 2ND
Mile High Broncos batting - Pitching for Spokane Trappers : RHP Jae-hyun Ch'oe
Batting: RHB António Martínez 0-0: Called Strike
0-1: Foul Ball, location: 2F
0-2: Ball
1-2: Foul Ball, location: 2F
1-2: Foul Ball, location: 2F
1-2: Foul Ball, location: 2F
1-2: Ball
2-2: Ball
3-2: Base on Balls
Batting: RHB David Moran 0-0: Called Strike
0-1: Swinging Strike
0-2: SINGLE (Line Drive, 5D)
António Martínez to second
Batting: RHB Bo Vickers 0-0: Called Strike
0-1: SINGLE (Line Drive, 34D)
António Martínez to third
David Moran to second
Batting: RHB Su-kweon Yu 0-0: Ball
1-0: Ball
2-0: Swinging Strike
2-1: Foul Ball, location: 2F
2-2: Fly out, F7 (Line Drive, 7S)
Batting: LHB Pat Weaver 0-0: Ball
1-0: Ball
2-0: Foul Ball, location: 2F
2-1: Reached on error, E6 (Groundball, 6)
António Martínez scores
David Moran to third
Bo Vickers to second
Batting: RHB Francisco Medina 0-0: Fly out, F5 (Line Drive, 5L)
Batting: SHB Tom Stevens 0-0: Ball
1-0: Ball
2-0: Called Strike
2-1: Foul Ball, location: 2F
2-2: Strikes out looking
Top of the 2nd over - 1 run(s), 2 hit(s), 1 error(s), 3 left on base; Mile High 1 - Spokane 0
BOTTOM OF THE 2ND
Spokane Trappers batting - Pitching for Mile High Broncos : RHP Fernand Picard
Batting: RHB Ramiro Ross 0-0: Called Strike
0-1: Ground out 6-3 (Groundball, 6)
Batting: LHB Jesús Ramírez 0-0: Called Strike
0-1: Ball
1-1: Ball
2-1: Foul Ball, location: 2F
2-2: Foul Ball, location: 2F
2-2: Ball
3-2: SINGLE (Groundball, 34D)
Batting: LHB Júlio Colón 0-0: SINGLE (Groundball, 4MD)
Jesús Ramírez to second
Runner from 2nd tries for 3rd, SAFE, throw made to third
Batting: RHB Keith Kirkpatrick 0-0: Ball
1-0: Ball
2-0: SINGLE (Groundball, 5D)
Jesús Ramírez scores
Júlio Colón to second
Batting: RHB Jeremy Carr 0-0: Called Strike
0-1: Swinging Strike
0-2: Strikes out swinging
Batting: RHB Pedro Rodríguez 0-0: Ball
1-0: Ground out 3-1 (Groundball, 3)
Bottom of the 2nd over - 1 run(s), 3 hit(s), 0 error(s), 2 left on base; Mile High 1 - Spokane 1
TOP OF THE 3RD
Mile High Broncos batting - Pitching for Spokane Trappers : RHP Jae-hyun Ch'oe
Batting: SHB Paco Martínez 0-0: Ball
1-0: Ball
2-0: Ball
3-0: Base on Balls
Batting: LHB Tony Báez 0-0: Ball
1-0: Called Strike
1-1: Called Strike
Paco Martínez is caught stealing 2nd base
1-2: Fly out, F2 (Popup, 2LF)
Batting: RHB António Martínez 0-0: Ball
1-0: DOUBLE (Flyball, 9D)
Batting: RHB David Moran 0-0: Foul Ball, location: 2F
0-1: Called Strike
0-2: Foul Ball, location: 2F
0-2: Strikes out looking
Top of the 3rd over - 0 run(s), 1 hit(s), 0 error(s), 1 left on base; Mile High 1 - Spokane 1
BOTTOM OF THE 3RD
Spokane Trappers batting - Pitching for Mile High Broncos : RHP Fernand Picard
Batting: RHB Tomás Carranza 0-0: Called Strike
0-1: Called Strike
0-2: Ball
1-2: Ball
2-2: Ground out 5-3 (Groundball, 5S)
Batting: RHB Clyde Kelley 0-0: Ball
1-0: Ball
2-0: Ball
3-0: Called Strike
3-1: Foul Ball, location: 2F
3-2: Base on Balls
Batting: LHB Héctor Rentería 0-0: Called Strike
0-1: Swinging Strike
0-2: Foul Ball, location: 2F
0-2: Strikes out swinging
Batting: RHB Ramiro Ross 0-0: Ball
Single, Error in OF, E8, batter to second base
Clyde Kelley to third
Batting: LHB Jesús Ramírez 0-0: Ball
1-0: Called Strike
1-1: Swinging Strike
1-2: Ball
2-2: DOUBLE (Flyball, 89M)
Clyde Kelley scores
Ramiro Ross scores
Batting: LHB Júlio Colón 0-0: Ball
1-0: Called Strike
1-1: Foul Ball, location: 2F
1-2: Strikes out looking
Bottom of the 3rd over - 2 run(s), 2 hit(s), 1 error(s), 1 left on base; Mile High 1 - Spokane 3
TOP OF THE 4TH
Mile High Broncos batting - Pitching for Spokane Trappers : RHP Jae-hyun Ch'oe
Batting: RHB Bo Vickers 0-0: Ball
1-0: Foul Ball, location: 2F
1-1: Ball
2-1: Ball
3-1: Base on Balls
Batting: RHB Su-kweon Yu 0-0: Ball
1-0: Foul Ball, location: 2F
1-1: Foul Ball, location: 2F
1-2: Ball
2-2: Ball
3-2: Strikes out swinging
Batting: LHB Pat Weaver 0-0: Ball
1-0: Foul Ball, location: 2F
1-1: Ball
2-1: Foul Ball, location: 2F
2-2: Ball
3-2: Strikes out looking
Batting: RHB Francisco Medina 0-0: Ball
1-0: Foul Ball, location: 2F
1-1: Foul Ball, location: 2F
1-2: Strikes out swinging
Top of the 4th over - 0 run(s), 0 hit(s), 0 error(s), 1 left on base; Mile High 1 - Spokane 3
BOTTOM OF THE 4TH
Spokane Trappers batting - Pitching for Mile High Broncos : RHP Fernand Picard
Batting: RHB Keith Kirkpatrick 0-0: Swinging Strike
0-1: Ground out 6-3 (Groundball, 6M)
Batting: RHB Jeremy Carr 0-0: Ground out 6-3 (Groundball, 6)
Batting: RHB Pedro Rodríguez 0-0: Swinging Strike
0-1: Ball
1-1: Fly out, F4 (Line Drive, 4)
Bottom of the 4th over - 0 run(s), 0 hit(s), 0 error(s), 0 left on base; Mile High 1 - Spokane 3
TOP OF THE 5TH
Mile High Broncos batting - Pitching for Spokane Trappers : RHP Jae-hyun Ch'oe
Batting: SHB Tom Stevens 0-0: Foul Ball, location: 2F
0-1: Ground out 5-3 (Groundball, 5L)
Batting: SHB Paco Martínez 0-0: Ball
1-0: Swinging Strike
1-1: Ball
2-1: Ball
3-1: Called Strike
3-2: Foul Ball, location: 2F
3-2: Base on Balls
Batting: LHB Tony Báez 0-0: Ball
1-0: Swinging Strike
1-1: Ball
2-1: Fly out, F7 (Flyball, 78M)
Batting: RHB António Martínez 0-0: Ball
1-0: Called Strike
1-1: Ball
2-1: Foul Ball, location: 2F
2-2: Foul Ball, location: 2F
2-2: Ball
3-2: Strikes out swinging
Top of the 5th over - 0 run(s), 0 hit(s), 0 error(s), 1 left on base; Mile High 1 - Spokane 3
BOTTOM OF THE 5TH
Spokane Trappers batting - Pitching for Mile High Broncos : RHP Fernand Picard
Batting: RHB Tomás Carranza 0-0: Ball
1-0: Ball
2-0: Ball
3-0: Called Strike
3-1: SINGLE (Groundball, 56D) (infield hit)
Batting: RHB Clyde Kelley 0-0: Ball
1-0: Ball
2-0: Called Strike
2-1: Swinging Strike
2-2: Ball
3-2: Base on Balls
Tomás Carranza to second
Batting: LHB Héctor Rentería 0-0: Called Strike
0-1: Ball
1-1: Ball
2-1: Ball
3-1: SINGLE (Line Drive, 4MD)
Tomás Carranza to third
Clyde Kelley to second
Batting: RHB Ramiro Ross 0-0: Ball
1-0: Reached on Error, E9 (Line Drive, 89S)
Tomás Carranza scores
Clyde Kelley to third
Héctor Rentería to second
Batting: LHB Jesús Ramírez 0-0: Ball
Wild Pitch!
Clyde Kelley scores
Héctor Rentería to third
Ramiro Ross to second
1-0: Ball
2-0: Ball
3-0: Base on Balls
Batting: LHB Júlio Colón 0-0: Swinging Strike
0-1: Fly out, F7 (Flyball, 78M)
Runner from 3rd tags up, SCORES, no throw
Batting: RHB Keith Kirkpatrick 0-0: Called Strike
0-1: Foul Ball, location: 2F
0-2: Ball
1-2: Strikes out swinging
Batting: RHB Jeremy Carr 0-0: Called Strike
0-1: Ball
1-1: Ball
2-1: Ball
3-1: Foul Ball, location: 2F
3-2: Base on Balls
Ramiro Ross to third
Jesús Ramírez to second
Batting: RHB Pedro Rodríguez 0-0: Ball
1-0: Ball
2-0: Called Strike
2-1: Called Strike
2-2: Reached on error, E5 (Groundball, 5)
Ramiro Ross scores
Jesús Ramírez to third
Jeremy Carr to second
Batting: RHB Tomás Carranza 0-0: Ball
1-0: Fly out, F8 (Flyball, 8RM)
Bottom of the 5th over - 4 run(s), 2 hit(s), 2 error(s), 3 left on base; Mile High 1 - Spokane 7
TOP OF THE 6TH
Mile High Broncos batting - Pitching for Spokane Trappers : RHP Jae-hyun Ch'oe
Batting: RHB David Moran 0-0: Called Strike
0-1: Foul Ball, location: 2F
0-2: Strikes out looking
Batting: RHB Bo Vickers 0-0: Ground out 5-3 (Groundball, 56)
Batting: RHB Su-kweon Yu 0-0: Called Strike
0-1: Called Strike
0-2: Strikes out swinging
Top of the 6th over - 0 run(s), 0 hit(s), 0 error(s), 0 left on base; Mile High 1 - Spokane 7
BOTTOM OF THE 6TH
Spokane Trappers batting - Pitching for Mile High Broncos : RHP Fernand Picard
Pitching: RHP César Rúbio
Batting: RHB Clyde Kelley 0-0: SINGLE (Line Drive, 6M)
Batting: LHB Héctor Rentería 0-0: Ball
1-0: Ball
2-0: Foul Ball, location: 2F
2-1: Ball
3-1: 2-RUN HOME RUN (Line Drive, 9D), Distance : 364 ft
Batting: RHB Ramiro Ross 0-0: Called Strike
0-1: SOLO HOME RUN (Flyball, 7LD), Distance : 367 ft
Batting: LHB Jesús Ramírez 0-0: Foul Ball, location: 2F
0-1: Ball
1-1: Foul Ball, location: 2F
1-2: Ball
2-2: Ball
3-2: Foul Ball, location: 2F
3-2: Base on Balls
Batting: LHB Júlio Colón 0-0: Ball
1-0: Swinging Strike
1-1: Swinging Strike
1-2: Strikes out swinging
Batting: RHB Keith Kirkpatrick 0-0: Ball
1-0: Foul Ball, location: 2F
1-1: Ball
2-1: Foul Ball, location: 2F
2-2: Ball
3-2: Fly out, F7 (Flyball, 7M)
Batting: RHB Jeremy Carr 0-0: Ball
1-0: Ball
2-0: Ball
3-0: Called Strike
3-1: Ground out 6-3 (Groundball, 6)
Bottom of the 6th over - 3 run(s), 3 hit(s), 0 error(s), 1 left on base; Mile High 1 - Spokane 10
TOP OF THE 7TH
Mile High Broncos batting - Pitching for Spokane Trappers : RHP Jae-hyun Ch'oe
Batting: LHB Pat Weaver 0-0: Swinging Strike
0-1: Called Strike
0-2: Foul Ball, location: 2F
0-2: Strikes out swinging
Pitching: LHP Pedro Mata
Batting: RHB Francisco Medina 0-0: Called Strike
0-1: Called Strike
0-2: Ball
1-2: Strikes out swinging
Batting: SHB Tom Stevens 0-0: Called Strike
0-1: Ball
1-1: Ball
2-1: Ball
3-1: Base on Balls
Batting: SHB Paco Martínez 0-0: Called Strike
0-1: Ball
1-1: Ball
2-1: Foul Ball, location: 2F
2-2: Strikes out swinging
Top of the 7th over - 0 run(s), 0 hit(s), 0 error(s), 1 left on base; Mile High 1 - Spokane 10
BOTTOM OF THE 7TH
Spokane Trappers batting - Pitching for Mile High Broncos : RHP César Rúbio
Batting: RHB Pedro Rodríguez 0-0: DOUBLE (Groundball, 3L)
Batting: RHB Tomás Carranza 0-0: Called Strike
0-1: Fly out, F5 (Popup, 56S)
Batting: RHB Clyde Kelley 0-0: Called Strike
0-1: Ground out 4-3 (Groundball, 4M)
Pedro Rodríguez to third
Batting: LHB Héctor Rentería 0-0: Fly out, F9 (Flyball, 9D)
Bottom of the 7th over - 0 run(s), 1 hit(s), 0 error(s), 1 left on base; Mile High 1 - Spokane 10
TOP OF THE 8TH
Mile High Broncos batting - Pitching for Spokane Trappers : LHP Pedro Mata
Batting: LHB Tony Báez 0-0: Ball
1-0: Foul Ball, location: 2F
1-1: Foul Ball, location: 2F
1-2: Ball
2-2: Foul Ball, location: 2F
2-2: Strikes out looking
Batting: RHB António Martínez 0-0: Ball
1-0: Called Strike
1-1: Ball
2-1: Ground out U3 (Groundball, 3)
Batting: RHB David Moran 0-0: Foul Ball, location: 2F
0-1: Ball
1-1: Swinging Strike
1-2: Strikes out swinging
Top of the 8th over - 0 run(s), 0 hit(s), 0 error(s), 0 left on base; Mile High 1 - Spokane 10
BOTTOM OF THE 8TH
Spokane Trappers batting - Pitching for Mile High Broncos : RHP César Rúbio
Pitching: RHP Wilson Martínez
Batting: RHB Ramiro Ross 0-0: Ball
1-0: Ground out 6-3 (Groundball, 6MD)
Batting: LHB Jesús Ramírez 0-0: Called Strike
0-1: Ball
1-1: Foul Ball, location: 2F
1-2: SINGLE (Groundball, 23) (infield hit)
Batting: LHB Júlio Colón 0-0: Called Strike
0-1: SINGLE (Line Drive, 6MD)
Jesús Ramírez to second
Batting: RHB Keith Kirkpatrick 0-0: Ball
1-0: Ball
2-0: Ball
3-0: Base on Balls
Jesús Ramírez to third
Júlio Colón to second
Batting: RHB Jeremy Carr 0-0: Called Strike
0-1: Ball
1-1: Ball
Passed Ball!
Jesús Ramírez scores
Júlio Colón to third
Keith Kirkpatrick to second
2-1: Ground out 4-3 (Groundball, 13)
Júlio Colón scores
Keith Kirkpatrick to third
Batting: RHB Pedro Rodríguez 0-0: Ball
1-0: Foul Ball, location: 2F
1-1: Ball
2-1: Ball
3-1: Called Strike
3-2: Foul Ball, location: 2F
3-2: Foul Ball, location: 2F
3-2: Foul Ball, location: 2F
3-2: Strikes out looking
Bottom of the 8th over - 2 run(s), 2 hit(s), 0 error(s), 1 left on base; Mile High 1 - Spokane 12
TOP OF THE 9TH
Mile High Broncos batting - Pitching for Spokane Trappers : LHP Pedro Mata
Batting: RHB Bo Vickers 0-0: Ball
1-0: Ball
2-0: Ball
3-0: Base on Balls
Batting: RHB Su-kweon Yu 0-0: Foul Ball, location: 2F
0-1: Swinging Strike
0-2: Ball
1-2: Strikes out swinging
Batting: LHB Pat Weaver 0-0: Ball
1-0: Swinging Strike
1-1: Swinging Strike
1-2: Ball
2-2: Strikes out looking
Batting: RHB Francisco Medina 0-0: Ball
1-0: Ball
2-0: Fly out, F9 (Flyball, 9LM)
Top of the 9th over - 0 run(s), 0 hit(s), 0 error(s), 1 left on base; Mile High 1 - Spokane 12
Monday, December 5th, 2016 - OOTP Baseball 17.12 Build 75